 Dungeon Crawl Stone Soup version 0.30.1-11-g7821555f0a (webtiles) character file.

Game seed: 5032007944061795008

1645 Kass the Trooper (level 8, -1/65 HPs)
             Began as a Demonspawn Gladiator on Dec 3, 2023.
             Was a Priest of Okawaru.
             Engulfed by a steam dragon's steam (6 damage)
             ... on level 6 of the Dungeon.
             The game lasted 00:23:31 (4725 turns).

Kass the Trooper (Demonspawn Gladiator)             Turns: 4725, Time: 00:23:32

Health: -1/65      AC:  9    Str: 17    XL:     8   Next: 67%
Magic:  10/10      EV: 13    Int:  9    God:    Okawaru [***...]
Gold:   321        SH:  0    Dex: 15    Spells: 7/7 levels left

rFire   . . .        a - +0 trident
rCold   . . .        (no shield)
rNeg    . . .        j - +0 ring mail
rPois   .            (helmet restricted)
rElec   .            (no cloak)
rCorr   .            o - +0 pair of gloves
SInv    .            (no boots)
Will    .....        (no amulet)
Stlth   +            l - ring of wizardry
HPRegen 0.30/turn    (no ring)
MPRegen 0.12/turn

%: wizardry (x1)
@: no status effects
A: antennae 2, slimy green scales 1, spiny 1
a: Renounce Religion, Heroism


You were on level 6 of the Dungeon.
You worshipped Okawaru.
Okawaru was most pleased with you.
You visited 1 branch of the dungeon, and saw 6 of its levels.

You collected 321 gold pieces.

Inventory:

Hand Weapons
 a - a +0 trident (weapon)
 D - the +0 sling of the Transmuting Puffin {flame, rElec}
   (You found it on level 6 of the Dungeon)

   rElec:     It insulates you from electricity.
Missiles
 d - 2 throwing nets (quivered)
 e - a javelin
 g - 20 poisoned darts
Armour
 b - a +0 leather armour
 c - a +0 helmet
 j - a +0 ring mail (worn)
 o - a +0 pair of gloves (worn)
Jewellery
 l - a ring of wizardry (left hand)
 x - the amulet of Keibon {Faith rN+ Str+3}
   (You found it on level 4 of the Dungeon)

   [amulet of faith]

   It allows you to gain divine favour quickly.
   Str:       It affects your strength (+3).
   rN:        It protects you from negative energy.
Wands
 v - a wand of polymorph (6)
 y - a wand of quicksilver (12)
Scrolls
 f - a scroll of amnesia {unknown}
 m - 3 scrolls of identify {unknown}
 q - a scroll of fear {unknown}
 r - 2 scrolls of teleportation {unknown}
 t - a scroll of enchant weapon {unknown}
 w - 2 scrolls of fog {unknown}
 A - 2 scrolls of enchant armour {unknown}
 C - a scroll of blinking {unknown}
Potions
 h - 2 potions of haste {unknown}
 i - a potion of berserk rage {unknown}
 k - 2 potions of brilliance {unknown}
 n - a potion of attraction {unknown}
 p - a potion of magic {unknown}
 s - 5 potions of curing {unknown}
 u - a potion of lignification {unknown}
 z - a potion of ambrosia {unknown}
 B - a potion of invisibility {unknown}


   Skills:
 + Level 6.3 Fighting
 + Level 3.8 Polearms
 - Level 2.1 Throwing
 + Level 5.3 Armour
 + Level 5.3 Dodging
 - Level 1.3 Stealth
 + Level 3.4 Invocations


You had 7 spell levels left.
You didn't know any spells.
Your spell library contained the following spells:

 Spells                   Type           Power      Damage    Failure   Level
 Vhi's Electric Charge    Tloc/Air       0%         N/A       61%         3
 Arcjolt                  Conj/Air       0%         1d10      99%         5
 Plasma Beam              Fire/Air       0%         2x1d11    100%        6
 Maxwell's Capacitive Co  Air            0%         ∞         100%        8


Dungeon Overview and Level Annotations

Branches:
Dungeon (6/15)
 Temple: D:4-7

Altars:
Makhleb
Nemelex Xobeh
Okawaru
Uskayaw

Shops:
D:5 =   D:6 :


Innate Abilities, Weirdness & Mutations

You have a pair of antennae on your head.
You are partially covered in slimy green scales. (AC +2)
You are partially covered in sharp spines.


Message History

You reach to attack!
You closely miss the steam dragon.
You are engulfed in a cloud of scalding steam.
The steam dragon bites you. The steam dragon misses you.
You are too injured to fight recklessly!
You closely miss the steam dragon.
The steam dragon bites you but does no damage.
The steam dragon misses you.
You hit the steam dragon.
The steam dragon is lightly wounded.
The steam dragon is struck by your spines.
The steam dragon misses you. The steam dragon closely misses you.
You hit the steam dragon but do no damage.
The steam dragon is lightly wounded.
The steam dragon breathes steam at you. The ball of steam misses you.
You hit the steam dragon.
The steam dragon is moderately wounded.
You are engulfed in a cloud of scalding steam.
The steam dragon bites you. The steam dragon claws you.
* * * LOW HITPOINT WARNING * * *
The steam dragon misses you.
The steam dragon claws you but does no damage.
You hit the steam dragon.
The steam dragon is moderately wounded.
The steam dragon completely misses you. The steam dragon barely misses you.
The steam dragon attacks as you move away!
The steam dragon misses you. The steam dragon completely misses you.
The steam dragon breathes steam at you. The ball of steam misses you.
The steam dragon attacks as you move away!
The steam dragon is struck by your spines.
The steam dragon completely misses you.
The steam dragon claws you but does no damage.
You are engulfed in a cloud of scalding steam.
* * * LOW HITPOINT WARNING * * *
The steam dragon breathes steam at you. The ball of steam hits you!
* * * LOW HITPOINT WARNING * * *
You are engulfed in a cloud of scalding steam.
You die...

..............)....)#.#...####.#.
..............##............##.#.
.............#######..##.##......
..........§.......##.###.##.##..#
.........§........#..###.#####..#
.........§.§...........#.# ##..
....................##.#.# #..
.............D§.§#>....#.# #..
...........###§§@#<##..#.# #..
...##....§## ##§§§.###.... ...
........§## #...§§####....
########...# ##.#[.# .### ###.#
#...... # ... ..#.#### #####....
###..


You could see a steam dragon (catching breath).

Vanquished Creatures
  Pikel (D:4)
  An ice beast (D:4)
  2 black bears
  A centaur (D:6)
  3 ogres
  A phantom (D:4)
  A kobold brigand (D:6)
  2 scorpions
  3 orc priests (D:5)
  A sleepcap (D:5)
  Ijyb (D:4)
  An orc wizard (D:4)
  8 adders
  A shadow imp (D:4)
  2 ufetubi
  A worm (D:4)
  7 orcs
  9 endoplasms
  3 giant cockroaches
  7 goblins
  2 hobgoblins
  5 quokkas
  7 ball pythons
  8 bats
  4 frilled lizards
  11 kobolds
  5 rats
98 creatures vanquished.

Notes
Turn   | Place    | Note
-------+----------+-------------------------------------------
     0 | D:1      | Kass the Demonspawn Gladiator began the quest for the Orb.
     0 | D:1      | Reached XP level 1. HP: 16/16 MP: 1/1
   218 | D:1      | Gained mutation: You have a pair of small antennae on your
                  | head. [demonic ancestry]
   218 | D:1      | Reached XP level 2. HP: 20/22 MP: 2/2
   425 | D:1      | Found a faded altar of an unknown god.
   428 | D:1      | Prayed at the altar of an unknown god.
   428 | D:1      | Became a worshipper of Warmaster Okawaru
   428 | D:1      | Reached * piety under Okawaru
  1032 | D:2      | Reached XP level 3. HP: 28/28 MP: 3/3
  1190 | D:2      | Reached skill level 1 in Armour
  1758 | D:3      | Gained mutation: You are partially covered in slimy green
                  | scales. (AC +2) [demonic ancestry]
  1758 | D:3      | Reached XP level 4. HP: 34/34 MP: 4/4
  1760 | D:3      | Found a sparkling altar of Nemelex Xobeh.
  2182 | D:4      | Noticed a +0 short sword
  2182 | D:4      | Noticed a +0 spear
  2182 | D:4      | Noticed a +0 dagger
  2183 | D:4      | Noticed a +0 falchion
  2183 | D:4      | Noticed a +0 short sword
  2183 | D:4      | Noticed a +0 falchion
  2184 | D:4      | Noticed a +0 spear
  2188 | D:4      | Noticed a +0 dagger
  2373 | D:4      | Found a hide-covered altar of Uskayaw.
  2373 | D:4      | Noticed Ijyb
  2374 | D:4      | Noticed a lemure
  2446 | D:4      | Killed Ijyb
  2447 | D:4      | Reached skill level 3 in Fighting
  2476 | D:4      | Noticed a lemure
  2480 | D:4      | Noticed Pikel
  2485 | D:4      | Noticed a lemure
  2496 | D:4      | Noticed a lemure
  2497 | D:4      | Killed Pikel
  2497 | D:4      | Reached ** piety under Okawaru
  2498 | D:4      | Reached skill level 4 in Fighting
  2498 | D:4      | Reached skill level 1 in Stealth
  2498 | D:4      | Reached XP level 5. HP: 4/43 MP: 2/5
  2498 | D:4      | Gained mutation: You are partially covered in sharp spines.
                  | [demonic ancestry]
  2498 | D:4      | Reached XP level 6. HP: 5/50 MP: 2/6
  2498 | D:4      | Gained mutation: You have a pair of antennae on your head.
                  | [demonic ancestry]
  2498 | D:4      | Reached XP level 7. HP: 6/55 MP: 2/7
  2739 | D:4      | Reached skill level 5 in Fighting
  2943 | D:4      | Identified the amulet of Keibon {Faith rN+ Str+3}
  3175 | D:5      | Entered Level 5 of the Dungeon
  3175 | D:5      | Found a burning altar of Makhleb.
  3489 | D:5      | Reached skill level 1 in Invocations
  3489 | D:5      | Reached XP level 8. HP: 41/64 MP: 8/8
  3669 | D:4      | Reached *** piety under Okawaru
  3894 | D:5      | Found Cefrakh's Jewellery Shop.
  3976 | D:5      | Reached skill level 6 in Fighting
  3976 | D:5      | Reached skill level 5 in Armour
  3976 | D:5      | Reached skill level 5 in Dodging
  4139 | D:6      | Found Niman's Vocational Training.
  4656 | D:6      | Identified the +0 sling of the Transmuting Puffin {flame,
                  | rElec}
  4725 | D:6      | Engulfed by a steam dragon's steam

Illustrated notes

Levels and vault maps discovered:
D:1:      lightli_molten_gateway, layout_loops_cross,
          shapermc_ecumenical_altar_mp_vishouse
D:2:      minmay_wonky_spiral, layout_basic,
          nicolae_concentric_dashed_squares_wild, kennysheep_boxes
D:3:      layout_basic, mainiacjoe_overflow_cross_hatched
D:4:      layout_loops_cross, nicolae_uskayaw_en_pointe, uniq_pikel, uniq_ijyb
D:5:      layout_cave_pools, mainiacjoe_overflow_small_starburst, serial_shops,
          shop
D:6:      layout_rooms, serial_shops, shop, nicolae_shop_vocational

Skill      XL: |  1  2  3  4  5  6  7  8 |
---------------+-------------------------+-----
Throwing       | 2 |  2.1
Dodging        | 3 4 5 |  5.3
Polearms       | 3 |  3.8
Armour         | 1 3 4 5 |  5.3
Fighting       | 4 5 6 |  6.3
Stealth        | 1 |  1.3
Invocations    | 1 3 |  3.4

Action                     |  1- 3 |  4- 6 |  7- 9 || total
---------------------------+-------+-------+-------++-------
  Melee: Trident           |   129 |    79 |   158 ||   366
         Punch             |     2 |       |     2 ||     4
  Throw: Throwing net      |     2 |       |       ||     2
         Dart              |     2 |       |    18 ||    20
 Invoke: Heroism           |       |     1 |       ||     1
 Armour: Ring mail         |    36 |    28 |    59 ||   123
         Leather armour    |     2 |       |       ||     2
  Dodge: Dodged            |    62 |    43 |   100 ||   205
